 Dungeon Crawl Stone Soup version 0.31-a0-229-g1fc7ce93e2 (webtiles) character file.

Game seed: 6810741045290681864

255 qw the Shooter (level 5, -6/46 HPs)
             Began as a Minotaur Hexslinger on July 6, 2023.
             Mangled by a vampire (11 damage)
             ... on level 5 of the Dungeon.
             The game lasted 00:01:01 (3150 turns).

qw the Shooter (Minotaur Hexslinger)                Turns: 3150, Time: 00:01:01

Health: -6/46      AC:  5    Str: 12    XL:     5   Next: 91%
Magic:  5/5        EV: 11    Int: 10    God:
Gold:   247        SH:  0    Dex: 15    Spells: 5/6 levels left

rFire   . . .        Y - +2 sling
rCold   . . .        (no shield)
rNeg    . . .        g - +0 ring mail
rPois   .            (helmet restricted)
rElec   .            (no cloak)
rCorr   +            (no gloves)
SInv    .            (no boots)
Will    .....        (no amulet) Stlth
                     l - ring of resist corrosion
HPRegen 0.27/turn    (no ring)
MPRegen 0.09/turn

%: no passive effects
@: confused
A: horns 2, retaliatory headbutt
a: no special abilities


You were on level 5 of the Dungeon.
You visited 1 branch of the dungeon, and saw 5 of its levels.

You collected 247 gold pieces.


Innate Abilities, Weirdness & Mutations

You have a pair of horns on your head.
You reflexively headbutt those who attack you in melee.


   Skills:
 - Level 4.1 Fighting
 + Level 5.5 Ranged Weapons
 - Level 1.3 Armour
 - Level 2.1 Dodging
 - Level 1.0 Spellcasting
 - Level 2.0 Hexes


You had 5 spell levels left.
You knew the following spells:

 Your Spells              Type           Power      Damage    Failure   Level
a - Slow                  Hex            16%        N/A       32%         1

Your spell library contained the following spells:

 Spells                   Type           Power      Damage    Failure   Level
 Inner Flame              Hex/Fire       2%         N/A       83%         3
 Portal Projectile        Hex/Tloc       4%         N/A       83%         3
 Cause Fear               Hex            2%         N/A       97%         4

Inventory:

Hand Weapons
 Y - a +2 sling (weapon)
Armour
 g - a +0 ring mail (worn)
Jewellery
 l - a ring of resist corrosion (left hand)
Scrolls
 c - a scroll of identify
Potions
 d - a potion of heal wounds {unknown}
 e - a potion of might {unknown}
 f - a potion of magic {unknown}
 h - a potion of haste
 i - a potion of brilliance {unknown}
 j - a potion of lignification {unknown}

Dungeon Overview and Level Annotations

Branches:
Dungeon (5/15)
 Temple: D:4-7

Altars:
Cheibriados
Gozag
Nemelex Xobeh
Ru
Wu Jian

Shops:
D:3 (


Message History

The worm is almost dead.
You shoot a sling bullet. The sling bullet hits the worm!
You kill the worm!
You see here a worm corpse.
Found a stone staircase leading down.
Your extra speed is starting to run out.
You feel yourself slow down.
Found a stone staircase leading down.
Found a scroll of immolation.
A vampire comes into view.
You shoot a sling bullet.
The sling bullet hits the vampire but does no damage.
You shoot a sling bullet.
The sling bullet closely misses the vampire.
You shoot a sling bullet.
The sling bullet hits the vampire but does no damage.
You shoot a sling bullet. The sling bullet hits the vampire.
The vampire is lightly damaged.
You shoot a sling bullet. The sling bullet hits the vampire!
The vampire is moderately damaged.
The vampire barely misses you. The vampire bites you!
The vampire draws strength from your injuries!
You shoot a sling bullet.
The sling bullet hits the vampire but does no damage.
The vampire is moderately damaged.
The vampire hits you. The vampire barely misses you.
You shoot a sling bullet.
The sling bullet hits the vampire but does no damage.
The vampire is moderately damaged.
The vampire closely misses you. The vampire bites you.
The vampire draws strength from your injuries!
The vampire points at you and mumbles some strange words.
You are confused.
The vampire closely misses you. The vampire bites you.
The vampire draws strength from your injuries!
The vampire closely misses you. The vampire barely misses you.
The vampire hits you! The vampire bites you!
The vampire draws strength from your injuries!
The vampire hits you. The vampire bites you!
You die...

### ..# #.# #.#
.#######.##
......V@.?####
#################.....#
#.......#########.....#
#.#####...............#
#.# ###########.....>..
#.# #.....#.. #.#
##..### . #.# .... #.##
#.###


You could see a vampire.

Vanquished Creatures
  A phantom (D:4)
  A scorpion (D:4)
  Jessica (D:2)
  2 adders
  3 worms
  A dart slug (D:1)
  2 orcs (D:4)
  4 bats
  6 endoplasms
  2 giant cockroaches
  8 goblins
  10 jackals
  7 quokkas
  5 ball pythons
  2 frilled lizards (D:2)
  4 kobolds
  5 rats
64 creatures vanquished.

Notes
Turn   | Place    | Note
-------+----------+-------------------------------------------
     0 | D:1      | qw the Minotaur Hexslinger began the quest for the Orb.
     0 | D:1      | Reached XP level 1. HP: 16/16 MP: 1/1
     0 | D:1      | 0 ||| qw: Version: 0.3-a-46-gb1f654a
     0 | D:1      | 0 ||| qw: Game counter: 1327
     0 | D:1      | 0 ||| qw: Melee chars always use a shield: true
     0 | D:1      | 0 ||| qw: God list: Okawaru
     0 | D:1      | 0 ||| qw: Allow faded altars: false
     0 | D:1      | 0 ||| qw: Do Orc after clearing Dungeon:15 true
     0 | D:1      | 0 ||| qw: Do second Lair branch before Depths: true
     0 | D:1      | 0 ||| qw: Lair rune preference: random
     0 | D:1      | 0 ||| qw: Goals: Normal
     0 | D:1      | 0 ||| PLANNING D:1-11
   135 | D:1      | Reached skill level 3 in Ranged Weapons
   135 | D:1      | Reached XP level 2. HP: 23/23 MP: 2/2
   306 | D:1      | Found a faded altar of an unknown god.
   663 | D:1      | 663 ||| UPGRADING to +0 leather armour.
   673 | D:1      | 673 ||| DROPPING +0 robe.
   674 | D:1      | 674 ||| UPGRADING to +0 ring mail.
   684 | D:1      | 684 ||| DROPPING +0 leather armour.
   685 | D:1      | 685 ||| DROPPING ring of flight.
   686 | D:1      | 686 ||| READING scroll labelled VUPTAC XELIMPE.
   687 | D:1      | 687 ||| DROPPING scroll of poison.
   913 | D:2      | Identified the +0 robe of the Leaf {Int+4}
  1090 | D:2      | Reached XP level 3. HP: 29/29 MP: 3/3
  1241 | D:2      | Noticed Jessica
  1244 | D:2      | Killed Jessica
  1245 | D:2      | Reached skill level 4 in Ranged Weapons
  1616 | D:2      | 1616 ||| DROPPING +0 robe of the Leaf {Int+4}.
  1617 | D:2      | 1617 ||| READING scroll labelled DIUSTYMUMN.
  1618 | D:2      | 1618 ||| READING scroll labelled RUWAOD XIDAS.
  1654 | D:3      | Reached XP level 4. HP: 36/36 MP: 4/4
  1661 | D:3      | 1661 ||| STAIRDANCE
  1664 | D:2      | Reached skill level 1 in Armour
  2018 | D:3      | Found an opulent altar of Gozag.
  2058 | D:3      | Found Cocel's Weapon Boutique.
  2191 | D:3      | 2191 ||| DROPPING ring of magical power.
  2228 | D:4      | Identified the +3 dagger "Abbumon" {elec, rN+++}
  2244 | D:4      | Noticed a scorpion
  2248 | D:4      | Killed a scorpion
  2249 | D:4      | Reached skill level 5 in Ranged Weapons
  2249 | D:4      | Reached XP level 5. HP: 39/41 MP: 5/5
  2624 | D:4      | Found a sacrificial altar of Ru.
  2641 | D:4      | Noticed a phantom
  2653 | D:4      | Found a snail-covered altar of Cheibriados.
  2655 | D:4      | Found a sparkling altar of Nemelex Xobeh.
  2656 | D:4      | Killed a phantom
  2739 | D:4      | Found an ornate altar of the Wu Jian Council.
  2975 | D:4      | 2975 ||| UPGRADING to ring of resist corrosion.
  2976 | D:4      | 2976 ||| READING scroll labelled YNNOVIZEPE.
  2977 | D:4      | 2977 ||| READING scroll labelled FIAFELI XUOT.
  3078 | D:4      | 3078 ||| READING 2 scrolls labelled FYUTUCR SYUQO.
  3079 | D:4      | 3079 ||| READING scroll labelled TEESOI COCVAWI.
  3080 | D:4      | 3080 ||| DRINKING 2 glowing coppery potions.
  3090 | D:5      | Entered Level 5 of the Dungeon
  3139 | D:5      | Noticed a vampire
  3149 | D:5      | HP: 10/46 [vampire (12)]
  3150 | D:5      | Mangled by a vampire

Levels and vault maps discovered:
D:1:      dpeg_arrival_oval, layout_basic, ebering_ecumenical_altar_petrified
D:2:      layout_loops_corners, kennysheep_generic_room_8, uniq_jessica
D:3:      layout_rooms, marbit_many_paths, serial_shops,
          nicolae_shop_competitors_out_of_business, minmay_misc_feat_square,
          hangedman_decor_clover_reticule
D:4:      layout_loops_ring, minmay_overflow_temple_star_quad,
          mainiacjoe_overflow_boulevard
D:5:      layout_loops_ring, ebering_ghost_gozag, lemuel_flame_loot_1

Skill      XL: |  1  2  3  4  5 |
---------------+----------------+-----
Ranged Weapons | 3 4 5 |  5.5
Fighting       | 2 4 |  4.1
Armour         | 1 |  1.3
Dodging        | |  2.1
Spellcasting   | |  1.0
Hexes          | |  2.0

Action                     |  1- 3 |  4- 6 || total
---------------------------+-------+-------++-------
   Fire: Sling             |    89 |   109 ||   198
    Use: Scroll            |     3 |     4 ||     7
         Potion            |       |     1 ||     1
 Armour: Ring mail         |    19 |    19 ||    38
  Dodge: Dodged            |    26 |    39 ||    65

Table legend:
 A = Non-vault XP
 B = Vault XP
 C = Vault XP percentage of total XP
 D = Non-vault monster count
 E = Vault monster count
 F = Vault count percentage of total count
                 A         B        C        D         E       F
            +---------+---------+-------+---------+---------+-------
      Total |     320 |      45 |  12.3 |      60 |       4 |   6.2
            +---------+---------+-------+---------+---------+-------
        D:1 |      26 |       0 |   0.0 |      15 |       0 |   0.0
        D:2 |      40 |      43 |  51.8 |      17 |       3 |  15.0
        D:3 |      32 |       2 |   5.9 |      11 |       1 |   8.3
        D:4 |     217 |       0 |   0.0 |      16 |       0 |   0.0
        D:5 |       5 |       0 |   0.0 |       1 |       0 |   0.0
            +---------+---------+-------+---------+---------+-------
